 Dungeon Crawl Stone Soup version 0.29.0-13-gc9e81de378 (webtiles) character file.

Game seed: 2146665731126383521

55 Ofeo the Conjurer (level 4, -6/33 HPs)
             Began as a Meteoran Conjurer on Sept 9, 2022.
             Mangled by a river rat (7 damage)
             ... summoned by Eustachio
             ... on level 4 of the Dungeon.
             The game lasted 00:03:14 (240 turns).

Ofeo the Conjurer (Meteoran Conjurer)                Turns: 240, Time: 00:03:15

Health: -6/33      AC:  2    Str:  9    XL:     4   Next: 36%
Magic:  3/10       EV: 12    Int: 21    God:
Gold:   23         SH:  0    Dex: 12    Spells: 3/9 levels left

rFire   . . .      SeeInvis .   d - +2 trident (venom)
rCold   . . .      Faith    .   (no shield)
rNeg    . . .      Spirit   .   a - +0 robe
rPois   .          Reflect  .   (no helmet)
rElec   .          Harm     .   (no cloak)
rCorr   .          Rampage  .   (no gloves)
Will    .....                   (no boots)
Stlth   +.........              (no amulet)
HPRegen 0.11/turn               (no ring)
MPRegen 0.12/turn               (no ring)

@: lethally poisoned (-6 -> -9), glowing
A: sense surroundings 1, otherworldly, glowing, explore regen
a: no special abilities


You were on level 4 of the Dungeon.
You visited 1 branch of the dungeon, and saw 4 of its levels.

You collected 23 gold pieces.

Inventory:

Hand Weapons
 d - a +2 trident of venom (weapon)
Armour
 a - a +0 robe (worn)
Scrolls
 b - a scroll of noise {unknown}
 c - a scroll of identify {unknown}


   Skills:
 + Level 3.2 Dodging
 + Level 2.0 Stealth
 + Level 3.4 Spellcasting
 + Level 5.3 Conjurations


You had 3 spell levels left.
You knew the following spells:

 Your Spells              Type           Power      Damage    Failure   Level
a - Magic Dart            Conj           100%       1d8       1%          1
b - Searing Ray           Conj           50%        2d6       2%          2
c - Dazzling Flash        Conj/Hex       28%        N/A       13%         3

Your spell library contained the following spells:

 Spells                   Type           Power      Damage    Failure   Level
 Ensorcelled Hibernation  Hex/Ice        6%         N/A       19%         2
 Passwall                 Tmut/Erth      2%         N/A       19%         2
 Swiftness                Air            3%         N/A       36%         3
 Fulminant Prism          Conj/Hex       7%         3d7       38%         4
 Iskenderun's Mystic Bla  Conj/Tloc      14%        2d5       38%         4


Dungeon Overview and Level Annotations

Branches:
Dungeon (4/15) Zot: 2154
 Temple: D:4-7

Altars:

Annotations:
D:4 Eustachio


Innate Abilities, Weirdness & Mutations

You passively map a small area around you.
You are easily found by Zot.
You glow in the dark.
You regain HP and MP as you explore.


Message History

Confirm with . or Enter, or press ? or * to list all spells.
The spell is quite dangerous to miscast (13% risk of failure)!
Continue anyway?
Casting: Dazzling Flash (quite dangerous; 13% risk of failure)
Press: ? - help, Dir - look around, f - activate The jackal is dazzled.
The adder is dazzled.
The goblin is dazzled.
You feel sick.
You kill the jackal!
The jackal bites you but does no damage.
The adder bites you.
Eustachio casts a spell.
Eustachio blinks!
The jackal bites you.
You take 6 damage, and have 11/33 hp.
You now have 7/10 mp.
Casting: Dazzling Flash (quite dangerous; 13% risk of failure)
Confirm with . or Enter, or press ? or * to list all spells.
Aiming: Searing Ray (safe; 2% risk of failure)
Press: ? - help, Shift-Dir - straight line, f - river rat
Aim: a river rat (summoned, 77% to hit)
The searing ray hits the adder!
The adder is severely wounded.
The searing ray misses the river rat. (Press . to maintain the ray.)
You feel sick. The adder misses you. The jackal misses you.
The goblin barely misses you.
You take 2 damage, and have 9/33 hp.
You now have 5/10 mp.
The searing ray misses the adder.
The searing ray hits the river rat but does no damage.
You feel sick.
The jackal bites you but does no damage.
The goblin hits you with a +0 dagger.
* * * LOW HITPOINT WARNING * * *
You take 4 damage, and have 5/33 hp.
You now have 4/10 mp.
The searing ray hits the river rat.
The river rat is lightly wounded.
The searing ray hits the adder.
You kill the adder!
* * * LOW HITPOINT WARNING * * *
You feel sick. The jackal bites you.
* * * LOW HITPOINT WARNING * * *
The river rat bites you!
You die...

#####
##...##
*#@....#*
#hgr....#
#.........#
#.......#..
##........#
#....#.#.#
#......#,#
#@....## *
*


You could see Eustachio, a river rat (summoned), a jackal and a goblin (blind).

Vanquished Creatures
  Jessica (D:2)
  2 adders
  A dart slug (D:2)
  2 bats (D:2)
  2 endoplasms (D:2)
  A goblin (D:3)
  3 jackals (D:4)
  2 kobolds
  2 quokkas
  2 rats (D:2)
18 creatures vanquished.

Notes
Turn   | Place    | Note
-------+----------+-------------------------------------------
     0 | D:1      | Ofeo the Meteoran Conjurer began the quest for the Orb.
     0 | D:1      | Reached XP level 1. HP: 14/14 MP: 5/5
    54 | D:2      | Noticed Jessica
    58 | D:2      | Killed Jessica
    59 | D:2      | Reached skill level 5 in Conjurations
    59 | D:2      | Reached XP level 2. HP: 19/20 MP: 1/7
    59 | D:2      | Reached XP level 3. HP: 25/26 MP: 1/8
    66 | D:2      | Reached XP level 4. HP: 18/33 MP: 3/9
   225 | D:3      | Learned a level 2 spell: Searing Ray
   229 | D:3      | Learned a level 3 spell: Dazzling Flash
   231 | D:4      | Noticed Eustachio
   240 | D:4      | HP: 1/33 [jackal (3)]
   240 | D:4      | Mangled by a river rat

Illustrated notes

Levels and vault maps discovered:
D:1:      psy_arrival_radial02, layout_basic, basic_ecumenical_altar,
          st_stairs_10
D:2:      layout_loops_ring, uniq_jessica
D:3:      layout_basic
D:4:      layout_loops_corners, nicolae_qazlal_style_of_elements,
          hangedman_abyss_or_decor_passed, uniq_duvessa, uniq_ijyb,
          uniq_eustachio, uniq_robin, uniq_menkaure

Skill      XL: |  1  2  3  4 |
---------------+-------------+-----
Dodging        | 3 |  3.2
Spellcasting   | 3 |  3.4
Conjurations   | 5 |  5.3
Stealth        | 2 |  2.0

Action                   |  1- 3 |  4- 6 || total
-------------------------+-------+-------++-------
Melee: Trident           |       |     4 ||     4
       Unarmed           |       |     1 ||     1
 Cast: Magic Dart        |    14 |    12 ||    26
       Dazzling Flash    |       |     1 ||     1
       Searing Ray       |       |     1 ||     1
  Use: Potion            |     1 |       ||     1
Armor: Robe              |     1 |     8 ||     9
Dodge: Dodged            |     3 |    17 ||    20
